 Dungeon Crawl Stone Soup version 0.30-a0-715-gdb4ae3ece1 (webtiles) character file.

Game seed: 16730273464217890896

68 karrick the Shield-Bearer (level 4, -1/29 HPs)
             Began as a Gargoyle Fighter on Jan 25, 2023.
             Slain by an ogre
             ... wielding a +0 giant club
              (23 damage)
             ... on level 3 of the Dungeon.
             The game lasted 00:01:19 (1776 turns).

karrick the Shield-Bearer (Gargoyle Fighter)        Turns: 1776, Time: 00:01:19

Health: -1/29      AC: 10    Str: 19    XL:     4   Next: 19%
Magic:  4/4        EV:  9    Int:  9    God:
Gold:   206        SH:  4    Dex: 11    Spells: 3/3 levels left

rFire   . . .      SeeInvis +    a - +0 war axe
rCold   . . .      Faith    .    c - +0 buckler
rNeg    + . .      Spirit   .    b - +0 scale mail
rPois   ∞          Reflect  .    (no helmet)
rElec   +          Harm     .    (no cloak)
rCorr   .          Rampage  .    (no gloves)
Will    .....                    (no boots) Stlth
                                 (no amulet)
HPRegen 0.24/turn                n - ring of see invisible
MPRegen 0.09/turn                (no ring)

@: no status effects
A: sickness immunity, AC +3, negative energy resistance 1, electricity
resistance, torment resistance 1, petrification resistance
a: no special abilities


You were on level 3 of the Dungeon.
You visited 1 branch of the dungeon, and saw 3 of its levels.

You collected 206 gold pieces.

Inventory:

Hand Weapons
 a - a +0 war axe (weapon)
Armour
 b - a +0 scale mail (worn)
 c - a +0 buckler (worn)
Jewellery
 n - a ring of see invisible (left hand)
 p - a ring of wizardry
Wands
 q - a wand of roots (10)
Scrolls
 e - 3 scrolls of identify {unknown}
 h - a scroll of blinking {unknown}
 l - 2 scrolls of teleportation {unknown}
 m - a scroll of amnesia {unknown}
 r - a scroll of silence {unknown}
Potions
 d - 2 potions of might
 f - a potion of heal wounds {unknown}
 g - 4 potions of flight {unknown}
 i - a potion of resistance {unknown}
 j - a potion of curing {unknown}
 k - a potion of magic {unknown}
 o - a potion of attraction {unknown}


   Skills:
 + Level 3.8 Fighting
 + Level 2.7 Axes
 + Level 3.6 Armour
 + Level 4.0 Shields


You had 3 spell levels left.
You didn't know any spells.
Your spell library contained the following spells:

 Spells                   Type           Power      Damage    Failure   Level
 Sandblast                Erth           0%         2d4       83%         1
 Blink                    Tloc           0%         N/A       93%         2
 Lesser Beckoning         Tloc           0%         N/A       93%         2
 Momentum Strike          Conj/Tloc      0%         3d8       93%         2
 Passwall                 Tmut/Erth      0%         N/A       93%         2
 Stone Arrow              Conj/Erth      0%         3d7       99%         3


Dungeon Overview and Level Annotations

Branches:
Dungeon (3/15)

Altars:

Shops:
D:1 :


Innate Abilities, Weirdness & Mutations

You are immune to sickness and miasma.
Your stone body is resilient. (AC +3)
You are immune to poison.
You resist negative energy. (rN+)
You are resistant to electric shocks. (rElec)
You are resistant to unholy torment.
You are immune to petrification.


Message History

Found a club.
Found a stone staircase leading down.
No target in view!
No target in view!
No target in view!
No target in view!
No target in view!
No target in view!
No target in view!
No target in view!
No target in view!
A frilled lizard comes into view.
Found 10 gold pieces.
The frilled lizard hisses angrily.
A frilled lizard is nearby!
A frilled lizard is nearby!
An ogre comes into view. It is wielding a +0 giant club.
You block the frilled lizard's attack.
There is a stone staircase leading down here.
You closely miss the frilled lizard.
The frilled lizard bites you but does no damage. x2
You closely miss the frilled lizard.
The frilled lizard bites you but does no damage.
You closely miss the frilled lizard.
The frilled lizard bites you but does no damage.
You block the frilled lizard's attack.
You barely miss the frilled lizard.
The frilled lizard bites you but does no damage.
You miss the frilled lizard.
The frilled lizard bites you but does no damage.
You slash the frilled lizard!
You kill the frilled lizard!
An endoplasm comes into view.
The ogre hits you with a +0 giant club!
The endoplasm quivers.
You hit the ogre.
The ogre is moderately wounded.
The ogre hits you with a +0 giant club!!
Ouch! That really hurt!
You die...

.............#)#..#...#..
.########...##.##.##.##..
. ####...#...#..#.#... #.
.....##...##.###... ...
.....#.....#..#.... ....
.###.#.....#..#....
...... #...............
......###.########.....#
......O@......# #######
..$...#.......# ..J..
#.......# .... #....$..#
... #.......# ..
######### .


You could see an ogre and an endoplasm.

Vanquished Creatures
  2 adders
  2 bats (D:1)
  6 endoplasms
  2 giant cockroaches
  3 goblins
  6 hobgoblins
  4 jackals (D:2)
  A quokka (D:1)
  3 ball pythons
  3 frilled lizards
  5 kobolds
  11 rats
48 creatures vanquished.

Notes
Turn   | Place    | Note
-------+----------+-------------------------------------------
     0 | D:1      | karrick the Gargoyle Fighter began the quest for the Orb.
     0 | D:1      | Reached XP level 1. HP: 14/14 MP: 1/1
    82 | D:1      | Reached XP level 2. HP: 17/19 MP: 2/2
   107 | D:1      | Found Ruaviyha's Book Emporium.
   167 | D:1      | Found a faded altar of an unknown god.
   488 | D:1      | Reached XP level 3. HP: 23/23 MP: 3/3
  1559 | D:3      | Reached skill level 4 in Shields
  1587 | D:3      | Reached XP level 4. HP: 29/29 MP: 4/4
  1768 | D:3      | Noticed an ogre
  1776 | D:3      | Slain by an ogre

Illustrated notes

Levels and vault maps discovered:
D:1:      grunt_arrival_lava_bath, layout_rooms, serial_shops,
          nicolae_shop_waterfront, hellmonk_ecumenical_altar_slurped_away,
          minmay_misc_feat_five
D:2:      layout_basic
D:3:      layout_rooms, general_overflow_altar, minmay_unequal

Skill      XL: |  1  2  3 |
---------------+----------+-----
Axes           | 2 |  2.7
Shields        | 4 |  4.0
Fighting       | |  3.8
Armour         | |  3.6

Action                     |  1- 3 |  4- 6 || total
---------------------------+-------+-------++-------
  Melee: War axe           |   120 |    14 ||   134
 Armour: Scale mail        |    84 |     8 ||    92
  Dodge: Dodged            |    56 |     2 ||    58
  Block: Buckler           |    26 |     4 ||    30

Table legend: (Time is in decaauts)
 A = Elapsed time spent in this place.
 B = Non-inter-level travel time spent in this place.
 C = Inter-level travel time spent in this place.
 D = Time resting spent in this place.
 E = Time spent auto-exploring this place.
 F = Levels seen in this place.
 G = Mean time per level.
                   A        B        C        D        E       F      G
               +--------+--------+--------+--------+--------+-----+--------+
         Total |   1833 |   1803 |     30 |      0 |   1463 |   3 |  611.0 |
       Dungeon |   1833 |   1803 |     30 |      0 |   1463 |   3 |  611.0 |
               +--------+--------+--------+--------+--------+-----+--------+

Top non-repeatable levels by time:
     D:2: 1006 daAuts
     D:1: 596 daAuts
     D:3: 230 daAuts
